AoeStats
← Sir Corsario II

Arena

510115970Analyzed
4v4 RM · 2d ago on Sep 29, 2026· 46m 23s· 8 players
Game mode
Random Map
Map size
Large (8 player)
Population
200
Speed
Normal
Resources
Standard
Victory
Conquest
Starting age
Dark Age
Ending age
Imperial Age
RankedLock teamsTeams togetherTeam positionsShared explorationLock speedFull tech treeHidden civsTurbo modeCheats
Victory
Defeat
🇨🇿 Vikings · Czechia
823
+12
🇹🇼 Burgundians · Taiwan
814
+12
🇲🇽 Portuguese · Mexico
744
+15
🇧🇷 Turks · Brazil
656
+19
🇩🇪 Saracens · Germany
746
-15
🇫🇷 Bengalis · France
738
-15
🇺🇦 Italians · Ukraine
720
-14
🇩🇪 Persians · Germany
713
-14
Tha_JB
2:11 Loom
10:57 Feudal Age
12:54 Wheelbarrow
12:08 Double-Bit Axe
12:06 Horse Collar
14:07 Gold Mining
14:10 Stone Mining
22:13 Castle Age
22:57 Heavy Plow
23:11 Bow Saw
24:08 Gold Shaft Mining
28:08 Town Watch
28:39 Hand Cart
29:47 Town Patrol
31:27 Fortified Wall
31:39 Ballistics
31:34 Forging
31:31 Scale Barding Armor
31:19 Fletching
34:27 Imperial Age
33:01 Iron Casting
32:29 Padded Archer Armor
32:29 Scale Mail Armor
32:32 Husbandry
35:34 Conscription
35:50 Hoardings
35:30 Bloodlines
34:41 Heavy Camel Rider
35:51 Murder Holes
36:07 Elite Mameluke
38:24 Blast Furnace
38:49 Bodkin Arrow
39:15 Chain Barding Armor
41:01 Elite Skirmisher
47:34 Plate Barding Armor
47:00 Bracer
EK-RockyHunter12
0:38 Loom
11:08 Feudal Age
15:53 Wheelbarrow
15:04 Town Watch
16:05 Horse Collar
20:35 Castle Age
18:41 Double-Bit Axe
20:05 Bloodlines
21:37 Bow Saw
25:00 Husbandry
26:14 Hand Cart
26:37 Caravan
27:59 Gold Mining
30:51 Heavy Plow
31:52 Scale Barding Armor
31:48 Scale Mail Armor
31:58 Forging
32:14 Murder Holes
32:41 Ballistics
34:01 Kamandaran
34:30 Crossbowman
36:11 Chain Barding Armor
36:07 Chain Mail Armor
37:29 Thumb Ring
40:28 Imperial Age
39:41 Pikeman
40:24 Squires
40:10 Arson
40:52 Cavalier
42:36 Chemistry
42:31 Conscription
42:23 Savar
He
0:28 Loom
10:57 Feudal Age
12:13 Double-Bit Axe
21:18 Castle Age
19:20 Stone Mining
19:14 Horse Collar
19:28 Gold Mining
23:13 Bow Saw
23:41 Heavy Plow
31:27 Imperial Age
29:57 Wheelbarrow
30:17 Stone Shaft Mining
29:32 Town Watch
30:09 Fletching
30:20 Padded Archer Armor
31:00 Silk Road
31:10 Bodkin Arrow
31:38 Hand Cart
32:10 Caravan
33:20 Leather Archer Armor
33:49 Crop Rotation
33:45 Squires
34:08 Conscription
34:01 Treadmill Crane
35:26 Two-Man Saw
35:00 Thumb Ring
35:50 Fortified Wall
37:11 Bracer
37:42 Ring Archer Armor
40:15 Elite Genoese Crossbowman
41:23 Ballistics
41:30 Forging
41:21 Scale Mail Armor
41:34 Guilds
43:29 Chain Mail Armor
44:41 Iron Casting
45:56 Plate Mail Armor
46:26 Blast Furnace
Pataterie 06
11:15 Feudal Age
13:55 Double-Bit Axe
13:52 Horse Collar
19:53 Castle Age
23:31 Heavy Plow
23:56 Bow Saw
26:10 Pikeman
28:09 Wheelbarrow
28:23 Loom
29:04 Scale Mail Armor
29:04 Padded Archer Armor
28:55 Fletching
29:40 Fletching
30:24 Ballistics
30:46 Hand Cart
34:25 Imperial Age
32:52 Leather Archer Armor
32:33 Bodkin Arrow
32:53 Chain Mail Armor
33:00 Caravan
33:40 Squires
34:14 Forging
34:47 Halberdier
36:38 Two-Man Saw
36:11 Crop Rotation
36:33 Gambesons
36:26 Elite Ratha (Ranged)
39:32 Ring Archer Armor
41:41 Bracer
Sir Corsario II
3:37 Loom
11:39 Feudal Age
18:26 Castle Age
17:27 Double-Bit Axe
17:26 Horse Collar
17:53 Scale Mail Armor
25:51 Ballistics
28:53 Fortified Wall
31:11 Wheelbarrow
31:18 Murder Holes
31:29 Padded Archer Armor
31:20 Fletching
31:47 Chain Mail Armor
31:16 Crossbowman
32:39 Hand Cart
33:12 Bow Saw
33:20 Thumb Ring
36:30 Imperial Age
35:10 Guard Tower
35:28 Caravan
36:07 Bodkin Arrow
36:39 Leather Archer Armor
36:36 Forging
37:37 Conscription
36:49 Elite Organ Gun
37:05 Arbalester
38:30 Arquebus
42:30 Ring Archer Armor
43:13 Chemistry
42:15 Bracer
45:15 Siege Engineers
eliel_baia
1:24 Loom
11:38 Feudal Age
16:00 Castle Age
14:44 Double-Bit Axe
15:38 Horse Collar
23:39 Wheelbarrow
23:49 Heavy Plow
26:13 Bow Saw
27:25 Hand Cart
28:24 Treadmill Crane
28:54 Fortified Wall
34:01 Imperial Age
31:36 Padded Archer Armor
31:26 Fletching
31:58 Town Watch
32:34 Stone Mining
32:34 Gold Mining
34:22 Gold Shaft Mining
34:07 Leather Archer Armor
33:42 Fletching
34:19 Masonry
34:30 Ballistics
34:00 Heated Shot
34:22 Town Patrol
34:43 Arson
34:59 Squires
36:27 Two-Man Saw
35:51 Thumb Ring
36:13 Parthian Tactics
36:15 Bodkin Arrow
36:50 Ring Archer Armor
38:12 Conscription
37:13 Elite Janissary
37:55 Artillery
38:02 Bracer
39:28 Architecture
39:19 Bombard Tower
38:58 Murder Holes
38:50 Arrowslits
水邊小牛
0:49 Loom
7:35 Double-Bit Axe
9:55 Horse Collar
13:13 Feudal Age
14:53 Bow Saw
17:12 Castle Age
23:29 Gold Mining
27:34 Wheelbarrow
28:10 Two-Man Saw
27:12 Heavy Plow
27:01 Town Watch
28:17 Burgundian Vineyards
29:25 Hand Cart
29:43 Forging
29:38 Scale Barding Armor
29:24 Fletching
29:14 Cavalier
29:55 Husbandry
30:50 Gold Shaft Mining
33:06 Iron Casting
32:54 Chain Barding Armor
32:36 Stone Mining
36:14 Imperial Age
36:01 Fortified Wall
35:46 Murder Holes
36:12 Ballistics
36:03 Masonry
35:34 Treadmill Crane
38:31 Town Patrol
39:23 Plate Barding Armor
39:50 Blast Furnace
38:15 Paladin
42:20 Stone Shaft Mining
41:46 Light Cavalry
42:28 Scale Mail Armor
42:24 Bodkin Arrow
43:01 Architecture
43:32 Chemistry
43:24 Crop Rotation
43:59 Conscription
44:16 Hoardings
46:32 Caravan
paveles_czk
8:11 Loom
12:33 Feudal Age
17:18 Castle Age
15:33 Horse Collar
17:00 Double-Bit Axe
17:10 Gold Mining
18:33 Bow Saw
18:47 Fletching
21:30 Forging
23:14 Stone Mining
30:25 Imperial Age
29:10 Heavy Plow
29:51 Iron Casting
29:17 Scale Mail Armor
29:58 Gold Shaft Mining
29:49 Squires
30:08 Town Watch
30:50 Elite Varangian Guard
31:17 Arson
32:41 Conscription
33:28 Ballistics
33:27 Chain Mail Armor
33:08 Bodkin Arrow
34:57 Masonry
36:17 Treadmill Crane
36:59 Ballistics
36:54 Fortified Wall
40:20 Plate Mail Armor
40:51 Blast Furnace
39:50 Murder Holes
42:12 Crop Rotation
41:46 Bracer
41:56 Siege Engineers
42:22 Architecture
45:05 Architecture
45:36 Chemistry
45:09 Chieftains
44:42 Sappers
46:06 Elite Skirmisher
Connection lost

Rejoining the realm…

Still unreachable

The connection could not be restored.

Session expired

The server has moved on; the page needs a fresh start.